Map: Romanticide LE

Players

JusticeSimon

  • Race: Protoss Protoss
  • League: Master
  • Spawn Location: 11:00

Demi - Winner!

  • Race: Zerg Zerg
  • League: Master
  • Spawn Location: 5:00

Event: DreamHack SC2 Masters 2020 Winter

VOD

Have the link to the VOD?

Description

Time

  • Played on: Oct. 16, 2020, 11:48 p.m.
  • Length: 12:19

All games in this series

Show
View Real Time Build Order
Export as new Build Order

JusticeSimon Protoss 

Build Orders: 1 Gate Expand, Phoenix Opening, Archon Immortal, Archon Drop 

Get SALT Encoding   

  12  0:00  Probe  
  13  0:12  Probe  
  14  0:20  Pylon  
  14  0:25  Probe  
  15  0:38  Probe (Chrono Boost)  
  16  0:44  Gateway  
  16  0:47  Probe (Chrono Boost)  
  17  0:50  Assimilator  
  17  0:52  Probe (Chrono Boost)  
  18  1:04  Probe  
  19  1:16  Probe  
  20  1:26  Nexus  
  20  1:36  Cybernetics Core  
  20  1:41  Assimilator  
  20  1:43  Probe  
  21  1:56  Pylon, Probe  
  22  2:08  Probe  
  23  2:12  Adept (Chrono Boost)  
  23  2:14  Warp Gate  
  25  2:20  Probe  
  26  2:32  Stargate, Probe  
  27  2:38  Adept  
  27  2:42  Probe (Chrono Boost)  
  30  2:45  Probe (Chrono Boost)  
  31  2:54  Probe (Chrono Boost)  
  31  2:56  Probe (Chrono Boost)  
  31  2:57  Pylon  
  33  2:59  Probe (Chrono Boost)  
  33  3:00  Probe (Chrono Boost)  
  35  3:08  Probe  
  35  3:10  Probe  
  37  3:16  Phoenix (Chrono Boost)  
  39  3:20  Twilight Council  
  39  3:22  Probe  
  40  3:28  Probe  
  40  3:30  Gateway  
  40  3:34  Probe  
  42  3:40  Probe  
  43  3:46  Robotics Facility, Probe  
  44  3:52  Probe  
  44  3:53  Assimilator  
  45  3:58  Probe  
  45  4:00  Assimilator  
  46  4:03  Oracle  
  46  4:04  Probe  
  50  4:10  Probe (Chrono Boost)  
  52  4:17  Probe (Chrono Boost)  
  52  4:22  Probe (Chrono Boost)  
  52  4:23  Pylon x2  
  53  4:28  Probe (Chrono Boost)  
  54  4:33  Gateway  
  54  4:34  Gateway  
  54  4:35  Templar Archives  
  54  4:40  Pylon  
  54  4:41  Probe x2  
  54  4:43  Warp Prism (Chrono Boost)  
  56  4:52  Zealot  
  60  4:53  Probe  
  61  5:06  Nexus  
  61  5:09  Shield Battery  
  61  5:20  Forge, Probe x2  
  63  5:24  Observer  
  64  5:32  High Templar x4, Probe x2  
  74  5:37  Archon  
  74  5:38  Archon  
  74  5:42  Gateway  
  74  5:43  Charge  
  74  5:44  Gateway, Probe  
  75  5:50  Probe  
  75  5:54  Pylon  
  75  5:56  Pylon  
  76  5:58  Immortal  
  70  6:19  High Templar x2, Zealot x2, Probe (Chrono Boost)  
  70  6:24  Pylon, Probe (Chrono Boost)  
  70  6:25  Protoss Ground Weapons Level 1  
  78  6:26  Archon  
  78  6:37  Warp Prism (Chrono Boost)  
  78  6:39  Probe x2  
  82  6:47  Assimilator  
  82  6:49  Zealot  
  82  6:50  Zealot x3  
  82  6:51  Probe x2  
  82  6:54  Assimilator  
  92  6:58  Sentry x2  
  96  7:03  Probe x2  
  96  7:07  Gateway  
  98  7:10  Pylon  
  98  7:11  Gateway  
  98  7:13  High Templar x2  
  98  7:15  Probe x2  
  104  7:18  Archon  
  104  7:19  Zealot x2  
  104  7:20  Immortal  
  112  7:27  Probe x2  
  114  7:39  Probe x2  
  114  7:40  Pylon  
  114  7:41  Pylon  
  114  7:43  Photon Cannon, Pylon  
  116  7:50  Zealot x4  
  100  8:07  Immortal  
  100  8:12  Psionic Storm  
  98  8:13  High Templar x4  
  98  8:14  Zealot x4  
  114  8:23  Archon x2  
  114  8:27  Photon Cannon  
  114  8:32  Photon Cannon  
  114  8:38  High Templar  
  114  8:39  High Templar, Zealot x2  
  122  8:48  High Templar  
  122  8:49  Immortal (Chrono Boost)  
  122  8:53  Zealot  
  122  8:54  Zealot x2  
  134  9:01  Nexus  
  134  9:02  Robotics Facility, Sentry  
  136  9:12  Pylon  
  136  9:13  Zealot  
  136  9:14  Protoss Ground Weapons Level 2 (Chrono Boost)  
  138  9:24  Zealot x6  
  125  9:42  Zealot x2  
  123  9:48  Photon Cannon  
  119  9:53  Blink (Chrono Boost)  
  119  9:55  Phoenix (Chrono Boost), Immortal (Chrono Boost)  
  119  9:59  Shield Battery, Immortal (Chrono Boost)  
  127  10:02  Photon Cannon  
  127  10:03  High Templar x2  
  127  10:04  Zealot  
  125  10:16  Stalker x5  
  135  10:24  Photon Cannon  
  135  10:28  Pylon  
  135  10:31  Immortal (Chrono Boost)  
  135  10:33  Immortal (Chrono Boost)  
  143  10:37  High Templar  
  145  10:48  Stalker x3  
  143  10:57  Stalker x4  
  116  11:08  Archon  
  110  11:12  Stalker x3  
  110  11:13  Stalker  
  112  11:33  Warp Prism  
  112  11:38  High Templar x2  
  112  11:39  Zealot x3  
  105  11:54  Archon  
  105  11:55  Stalker  
  105  11:59  Stalker x3  
  105  12:00  Stalker  
Show
View Real Time Build Order
Export as new Build Order

Demi Zerg - Winner!

Build Orders: Hatch First, Muta Ling Bane 

Get SALT Encoding   

  12  0:00  Drone  
  13  0:12  Overlord  
  13  0:17  Drone  
  14  0:30  Drone  
  14  0:31  Drone  
  16  0:48  Hatchery  
  15  0:52  Drone  
  15  0:55  Drone  
  17  1:00  Drone  
  18  1:08  Extractor  
  17  1:14  Spawning Pool  
  17  1:17  Drone  
  17  1:20  Drone  
  18  1:28  Drone  
  19  1:39  Drone  
  20  1:49  Overlord  
  20  2:01  Queen x2  
  22  2:02  Zergling x4  
  26  2:10  Metabolic Boost  
  26  2:11  Drone x2  
  28  2:22  Drone x2  
  30  2:33  Hatchery  
  29  2:38  Drone x2  
  31  2:45  Drone  
  31  2:49  Overlord  
  32  2:52  Queen  
  32  2:57  Drone x2  
  35  3:07  Overlord  
  35  3:08  Drone  
  36  3:13  Drone x3  
  36  3:18  Overlord  
  36  3:19  Drone  
  40  3:27  Drone  
  41  3:34  Queen  
  41  3:37  Drone  
  41  3:38  Drone  
  45  3:42  Spore Crawler  
  45  3:44  Overlord  
  45  3:45  Drone  
  45  3:46  Drone x3  
  45  3:47  Queen  
  50  3:55  Overlord  
  50  3:57  Evolution Chamber  
  50  4:00  Drone x3  
  52  4:09  Drone  
  53  4:10  Drone  
  53  4:11  Drone x3  
  57  4:20  Overlord x2  
  57  4:22  Drone  
  57  4:23  Zerg Melee Weapons Level 1  
  58  4:27  Drone  
  59  4:32  Drone  
  59  4:34  Baneling Nest  
  59  4:40  Queen  
  59  4:43  Drone x5, Extractor  
  59  4:45  Overlord  
  65  4:46  Zergling x2  
  65  4:47  Zergling x8  
  65  4:51  Lair  
  70  4:56  Overlord x2  
  70  5:01  Spore Crawler  
  70  5:02  Spore Crawler  
  70  5:03  Drone x3  
  70  5:05  Zergling x6  
  74  5:08  Zergling x6  
  74  5:12  Overlord  
  77  5:15  Drone  
  78  5:21  Zergling x2  
  78  5:22  Zergling x10  
  84  5:29  Extractor  
  84  5:30  Extractor  
  82  5:39  Zergling x12  
  82  5:42  Drone  
  89  5:44  Drone x2  
  89  5:45  Roach Warren  
  90  5:53  Drone x6  
  90  5:56  Queen  
  98  6:07  Drone  
  98  6:08  Drone x5  
  99  6:17  Drone x3  
  100  6:19  Extractor  
  100  6:20  Extractor  
  100  6:22  Zerg Melee Weapons Level 2, Spire  
  100  6:24  Centrifical Hooks  
  100  6:25  Overlord x2  
  97  6:27  Drone x5  
  102  6:39  Hatchery  
  101  6:43  Drone x2  
  101  6:49  Glial Reconstitution  
  101  6:50  Drone  
  101  6:51  Drone x2  
  101  6:52  Overlord x3  
  104  7:02  Roach x7  
  104  7:07  Overlord  
  104  7:08  Overlord x2  
  117  7:18  Overlord  
  117  7:23  Drone  
  117  7:26  Roach x4  
  125  7:30  Roach x5  
  125  7:31  Spore Crawler  
  125  7:32  Extractor, Ravager  
  125  7:35  Baneling  
  125  7:36  Baneling x8  
  134  7:37  Roach x4  
  134  7:39  Baneling  
  134  7:40  Baneling x4  
  142  7:46  Roach x3  
  148  7:56  Roach  
  148  7:57  Roach x5  
  152  8:05  Zergling x6  
  149  8:21  Drone x10  
  149  8:26  Drone  
  161  8:27  Drone x2  
  160  8:36  Roach x5  
  160  8:38  Extractor  
  160  8:39  Unknown, Overlord  
  160  8:40  Hatchery, Overlord  
  165  8:43  Zerg Missile Weapons Level 1  
  165  8:44  Roach  
  165  8:45  Roach x5  
  165  8:48  Ravager x2  
  176  8:49  Ravager  
  176  8:52  Zerg Flyer Weapons Level 1  
  178  9:12  Mutalisk  
  178  9:13  Mutalisk x9  
  198  9:25  Hatchery  
  194  9:36  Mutalisk x5  
  161  9:49  Zergling x14  
  161  9:50  Zergling x6  
  165  9:53  Queen  
  161  10:02  Mutalisk x5  
  169  10:13  Queen  
  171  10:16  Drone x5  
  171  10:17  Drone  
  171  10:21  Mutalisk x5  
  177  10:27  Extractor  
  177  10:28  Hatchery  
  185  10:31  Extractor  
  184  10:36  Drone  
  184  10:37  Drone x2, Spine Crawler x2  
  184  10:38  Baneling, Spine Crawler  
  184  10:39  Baneling x7, Spine Crawler  
  177  10:57  Mutalisk x2  
  177  10:58  Mutalisk x4  
  163  11:05  Mutalisk x2  
  163  11:10  Drone x3  
  168  11:11  Drone x2  
  168  11:12  Drone x3  
  169  11:22  Infestation Pit  
  168  11:31  Drone  
  169  11:41  Mutalisk  
  169  11:42  Mutalisk x7  
  169  11:44  Zergling x10  
  169  11:45  Zergling x14  
Tags
 
Add a new tag
Caveats
  • Supply blocks, unpowered buildings, or Contaminate may cause inaccurate times.
  • Supply counts are checked every 10 seconds.